 Dungeon Crawl Stone Soup version 0.27-a0-1299-g1ab19c6527 (webtiles) character file.

Game seed: 15834788452448465072

86 freelancePsychic the Magician (level 4, -2/30 HPs)
             Began as a Mummy Fire Elementalist on June 16, 2021.
             Slain by a hobgoblin (4 damage)
             ... on level 4 of the Dungeon.
             The game lasted 00:04:06 (2981 turns).

freelancePsychic the Magician (MuFE)                Turns: 2981, Time: 00:04:07

Health: -2/30      AC:  3    Str: 11    XL:     4   Next: 27%
Magic:  2/10       EV: 12    Int: 15    God:
Gold:   133        SH:  0    Dex: 12    Spells: 8/11 levels left

rFire    x . .     SeeInvis .   c - +1 dagger (speed)
rCold    + . .     Faith    .   (no shield)
rNeg     + + +     Spirit   .   a - +1 robe
rPois    ∞         Reflect  .   (no helmet)
rElec    .         Harm     .   (no cloak)
rCorr    .         Rampage  .   (no gloves)
Will     .....                  (no boots)
Stlth    ++........             (no amulet)
HPRegen  0.10/turn              (no ring)
MPRegen  0.12/turn              (no ring)

@: no status effects
A: cold resistance 1, negative energy resistance 3, torment resistance 2, heat
vulnerability 1, no potions
a: no special abilities


You were on level 4 of the Dungeon.
You visited 1 branch of the dungeon, and saw 4 of its levels.

You collected 133 gold pieces.

Inventory:

Hand Weapons
 c - a +1 dagger of speed (weapon)
Missiles
 b - a throwing net
Armour
 a - a +1 robe (worn)
Scrolls
 e - a scroll of amnesia {unknown}


   Skills:
 - Level 1.5 Dodging
 - Level 1.5 Stealth
 * Level 4.4 Spellcasting
 + Level 1.7 Conjurations
 + Level 3.0 Fire Magic


You had 8 spell levels left.
You knew the following spells:

 Your Spells              Type           Power      Damage    Failure   Level
a - Foxfire               Conj/Fire      40%        2x1d6     7%          1
b - Searing Ray           Conj           16%        3d3       13%         2

Your spell library contained the following spells:

 Spells                   Type           Power      Damage    Failure   Level
 Magic Dart               Conj           32%        1d4       9%          1
 Conjure Flame            Conj/Fire      10%        6-21      21%         3
 Inner Flame              Hex/Fire       7%         N/A       28%         3
 Dazzling Flash           Conj/Hex       10%        N/A       36%         3
 Sticky Flame             Conj/Fire      10%        2d3       54%         4
 Fulminant Prism          Conj/Hex       2%         3d6       77%         4
 Iskenderun's Mystic Bla  Conj/Tloc      5%         2d3       77%         4
 Fireball                 Conj/Fire      5%         3d5       88%         5


Dungeon Overview and Level Annotations

Branches:
Dungeon (4/15)
 Temple: D:4-7

Altars:

Shops:
D:3 [

Annotations:
D:2 Sigmund
D:4 Blork the orc, Robin


Innate Abilities, Weirdness & Mutations

You are immune to poison.
Your flesh is cold resistant. (rC+)
You are immune to negative energy. (rN+++)
You are immune to unholy pain and torment.
You are vulnerable to heat. (rF-)
You do not drink.


Message History

The goblin is moderately wounded.
The hobgoblin hits you. The goblin barely misses you.
You barely miss the goblin.
The goblin is moderately wounded.
The goblin hits you but does no damage. The hobgoblin closely misses you.
You barely miss the goblin.
The goblin is moderately wounded.
The goblin hits you with a +0 dagger.
A goblin comes into view. It is wielding a +0 club.
A goblin comes into view. It is wielding a +0 dagger.
The goblin hits you with a +0 dagger.
* * * LOW HITPOINT WARNING * * *
The goblin shouts!
You hit the goblin.
The goblin is heavily wounded.
A goblin comes into view. It is wielding a +0 dagger.
The hobgoblin hits you.
* * * LOW HITPOINT WARNING * * *
The goblin misses you.
You hit the goblin but do no damage.
The goblin is heavily wounded.
Robin hits you with a +0 falchion of draining.
* * * LOW HITPOINT WARNING * * *
The goblin hits you but does no damage.
The hobgoblin hits you but does no damage.
A gnoll comes into view. It is wielding a +0 spear.
The goblin closely misses you.
The gnoll shouts!
You hit the goblin.
You kill the goblin!
The goblin no longer looks unusually strong.
Robin throws the goblin at you!
As you read the scroll labelled REENE NAIQEG, it crumbles to dust.
You hear a loud clanging noise!
It was a scroll of noise.
You hear a shout!
You hear an angry buzzing noise.
You hear a shout!
You hear an angry buzzing noise. x2
The goblin no longer looks unusually strong.
The hobgoblin hits you.
You die...

#.#####.##.##.#.#.# #.##.#
#.##.#....#.. ...#.#
#.##.....#### #..#.#
#.####....#.. #..#.# #.#
##.#.#.. #..#.# #.# #.#....
##.####..#.# #.# #.##.#.
......g.g#g#####.## #.##.#.
#)..)g.gg.@g........#.##.#.
#..g#####g##............ #.
#. #... ..... .. # #.
.....##### #. #. .####.# #
#.## #. .# .# ###..# #. ..
. +....####. ## # #.......
#.######


You could see Robin, 2 gnolls, 2 hobgoblins and 4 goblins.

Vanquished Creatures
  A gnoll (D:4)
  2 adders
  A worm (D:2)
  A dart slug (D:3)
  An orc (D:3)
  2 ball pythons (D:2)
  7 endoplasms
  5 goblins
  A hobgoblin (D:3)
  2 jackals (D:2)
  2 quokkas
  A bat (D:1)
  3 frilled lizards
  6 kobolds
  21 rats
56 creatures vanquished.

Vanquished Creatures (others)
  121 foxfires
121 creatures vanquished.

Grand Total: 177 creatures vanquished

Notes
Turn   | Place    | Note
-------+----------+-------------------------------------------
     0 | D:1      | freelancePsychic the Mummy Fire Elementalist began the
                  | quest for the Orb.
     0 | D:1      | Reached XP level 1. HP: 13/13 MP: 4/4
   648 | D:1      | Reached skill level 3 in Spellcasting
   753 | D:2      | Reached skill level 1 in Conjurations
   811 | D:2      | Reached XP level 2. HP: 19/19 MP: 0/6
   923 | D:2      | Noticed Sigmund
  1443 | D:2      | Reached XP level 3. HP: 22/24 MP: 8/8
  2166 | D:3      | Reached skill level 4 in Spellcasting
  2345 | D:3      | Found Garu's Antique Armour Shop.
  2787 | D:4      | Learned a level 2 spell: Searing Ray
  2795 | D:4      | Noticed Blork the orc
  2834 | D:4      | Reached XP level 4. HP: 21/30 MP: 3/10
  2964 | D:4      | Noticed Robin
  2981 | D:4      | Slain by a hobgoblin

Illustrated notes

Levels and vault maps discovered:
D:1:      dpeg_arrival_simpleton_b, layout_loops_cross
D:2:      minmay_angry_zag, layout_rooms, chequers_jeans, uniq_sigmund
D:3:      layout_basic, serial_shops, nicolae_shop_statue_plus, minmay_rat_hole
D:4:      layout_loops_ring, lemuel_doored_altar, uniq_robin, uniq_duvessa,
          uniq_blork_the_orc, uniq_grinder

Skill      XL: |  1  2  3  4 |
---------------+-------------+-----
Spellcasting   | 3 4 |  4.4
Conjurations   | 1 |  1.7
Fire Magic     | 3 |  3.0
Dodging        | |  1.5
Stealth        | |  1.5

Action                   |  1- 3 |  4- 6 || total
-------------------------+-------+-------++-------
Melee: Dagger            |    58 |    10 ||    68
 Cast: Foxfire           |    58 |    12 ||    70
  Use: Scroll            |     2 |     1 ||     3
 Stab: Sleeping          |     2 |       ||     2
Armor: Robe              |    11 |     9 ||    20
Dodge: Dodged            |    21 |     9 ||    30

Table legend: (Time is in decaauts)
 A = Elapsed time spent in this place.
 B = Non-inter-level travel time spent in this place.
 C = Inter-level travel time spent in this place.
 D = Time resting spent in this place.
 E = Time spent auto-exploring this place.
 F = Levels seen in this place.
 G = Mean time per level.
                   A        B        C        D        E       F      G
               +--------+--------+--------+--------+--------+-----+--------+
         Total |   2956 |   2923 |     33 |     35 |   2527 |   4 |  739.0 |
       Dungeon |   2956 |   2923 |     33 |     35 |   2527 |   4 |  739.0 |
               +--------+--------+--------+--------+--------+-----+--------+

Top non-repeatable levels by time:
     D:2: 1012 daAuts
     D:3: 968 daAuts
     D:1: 746 daAuts
     D:4: 229 daAuts
